[Event "Late-Titled-Tuesday-Blitz-September-12-2023"]
[Site "Chess.com"]
[Date "2023.09.12"]
[Round "9"]
[White "Igor_Lysyj"]
[Black "FredyMatsuura"]
[Result "1-0"]
[WhiteElo "2815"]
[BlackElo "2364"]
[TimeControl "180+1"]
[EndTime "15:38:48 PDT"]
[Termination "Igor_Lysyj won on time"]

1. d4 e6 2. Nf3 f5 3. g3 Nf6 4. c4 d5 5. Bf4 c6 6. Bg2 Be7 7. O-O O-O 8. Qc2 Ne4 9. Nc3 Nd7 10. Rad1 Qe8 11. Nxe4 fxe4 12. Ne5 Nxe5 13. Bxe5 Bf6 14. Bxf6 Rxf6 15. f3 exf3 16. exf3 dxc4 17. Qxc4 Bd7 18. f4 Rd8 19. Rfe1 Kh8 20. Re3 Qf8 21. Qc5 a6 22. b4 Bc8 23. Re5 Kg8 24. Be4 Qxc5 25.
bxc5 g6 26. Kf2 Kf8 27. Ke3 Ke7 28. g4 Rdf8 29. Rf1 Kd8 30. h4 Bd7 31. h5 gxh5 32. Rxh5 h6 33. Rf3 Ke7 34. g5 hxg5 35. Rh7+ R6f7 36.
Rxf7+ Rxf7 37. fxg5 Rxf3+ 38. Kxf3 Be8 39. Kf4 Bh5 40. Ke5 Bg4 41. Bh7 Be2 42. a3 Bd1 43. Bg8 Bg4 44. g6 Kf8 45. Bxe6 Be2 46. Kf6 1-0

[Event "Late-Titled-Tuesday-Blitz-September-12-2023"]
[Site "Chess.com"]
[Date "2023.09.12"]
[Round "9"]
[White "ahkashefi2800"]
[Black "ArturoCaceres"]
[Result "1-0"]
[WhiteElo "2623"]
[BlackElo "2470"]
[TimeControl "180+1"]
[EndTime "15:38:48 PDT"]
[Termination "ahkashefi2800 won by checkmate"]

1. d4 Nf6 2. Nf3 e6 3. g3 b6 4. Bg2 Bb7 5. O-O Be7 6. Bg5 O-O 7. Qd3 h6 8. Bxf6 Bxf6 9. Ng5 hxg5 10. Bxb7 Nc6 11. Bxa8 Qxa8 12. c3 d5 13. Nd2 e5 14.
e3 e4 15. Qb5 a6 16. Qb3 Ne7 17. c4 Re8 18. Rac1 Qb7 19. Rc2 g6 20. Rfc1 Kg7 21.
a4 Qc8 22. cxd5 Qh3 23. Rxc7 Rh8 24. Nf1 Nf5 25. d6 Rf8 26. Qd5 Qg4 27. d7 Nh4 28.
Rc8 Nf3+ 29. Kh1 Bd8 30. Qa8 Rh8 31. Rxd8 Rxh2+ 32. Nxh2 Qh3 33. Rg8+ Kf6 34. d8=Q+ Kf5 35. Qac8# 1-0

[Event "Late-Titled-Tuesday-Blitz-September-12-2023"]
[Site "Chess.com"]
[Date "2023.09.12"]
[Round "9"]
[White "Jenia84"]
[Black "CrushingKings"]
[Result "0-1"]
[WhiteElo "2379"]
[BlackElo "2518"]
[TimeControl "180+1"]
[EndTime "15:38:49 PDT"]
[Termination "CrushingKings won by resignation"]

1. Nf3 Nf6 2. g3 g6 3. Bg2 Bg7 4. O-O O-O 5. d4 d6 6. Bg5 Nbd7 7. Nbd2 c5 8. e4 cxd4 9. Nxd4 Nc5 10. b4 Ne6 11. Nxe6 Bxe6 12. c4 h6 13. Bxf6 Bxf6 14.
Rc1 a5 15. b5 Qb6 16. a4 Rac8 17. Qe2 Rc7 18. Rc2 Rfc8 19. Rfc1 Qc5 20. Qe3 Bd4 21. Qe2 Qb4 22. Qd3 Bb6 23. Bf1 Qxa4 24. Rb1 Bc5 25. Nb3 Ba3 26. Nd2 Bb4 27. Nb3 Bxc4 28. Rxc4 Rxc4 29. Ra1 Qxb5 30. Nd4 Qe5 31. Rd1 Rc3 32. Qb5 Qxb5 33. Nxb5 Rc1 0-1

[Event "Late-Titled-Tuesday-Blitz-September-12-2023"]
[Site "Chess.com"]
[Date "2023.09.12"]
[Round "9"]
[White "Jahonas"]
[Black "WilliamAlfaroCaracas"]
[Result "1-0"]
[WhiteElo "2443"]
[BlackElo "2283"]
[TimeControl "180+1"]
[EndTime "15:38:49 PDT"]
[Termination "Jahonas won on time"]

1. e4 e5 2. Nf3 Nc6 3. Bb5 f5 4. O-O fxe4 5. Bxc6 dxc6 6. Nxe5 Qd4 7. Ng4 h5 8. Ne3 Nf6 9. Nc3 Bd6 10. f4 O-O 11. Ne2 Qb6 12. Qe1 Ng4 13. h3 Nxe3 14. dxe3 Bc5 15. Nc3 Bb4 16. a3 Bxc3 17. Qxc3 Qb5 18. b3 Qf5 19. Bb2 Qg6 20. Kh2 Be6 21. Rad1 Rad8 22.
Qe5 Rd5 23. Rxd5 cxd5 24. f5 Rxf5 25. Rxf5 Bxf5 26. Qxd5+ Kh7 27. Be5 c6 28. Qd4 h4 29.
Qxa7 Qe6 30. Qd4 Qg6 31. Bf4 Qf7 32. c4 Bc8 33. Qe5 Qf5 34. Qe7 Kh8 35. Qxh4+ Kg8 36. Qd8+ 1-0

[Event "Late-Titled-Tuesday-Blitz-September-12-2023"]
[Site "Chess.com"]
[Date "2023.09.12"]
[Round "9"]
[White "MikaelyanArman"]
[Black "angryspacevoid"]
[Result "0-1"]
[WhiteElo "2925"]
[BlackElo "2597"]
[TimeControl "180+1"]
[EndTime "15:38:50 PDT"]
[Termination "angryspacevoid won by resignation"]

1. d4 d5 2. c4 e6 3. Nf3 Nf6 4. Nc3 dxc4 5. e3 a6 6. Bxc4 b5 7. Be2 c5 8. O-O Bb7 9. dxc5 Qxd1 10. Rxd1 Bxc5 11. Nd2 Nbd7 12. Nb3 Be7 13. Na5 O-O-O 14. Bd2 Ba8 15. a4 b4 16. Bxa6+ Kc7 17. Rac1 Kb6 18. Be2 Kxa5 19. Nb5 Rc8 20. Na7 Rxc1 21. Rxc1 Bc5 22. Nb5 Rc8 23. Nd6 Rf8 24. Nc4+ Kxa4 25. b3+ Kb5 26.
Ra1 Ne4 27. Nd6+ Kb6 28. Ra6+ Kc7 29. Nb5+ Kb7 30. Ra2 Nxd2 31. Rxd2 Nf6 32. f3 Bxe3+ 33. Kf1 Bxd2 0-1

[Event "Late-Titled-Tuesday-Blitz-September-12-2023"]
[Site "Chess.com"]
[Date "2023.09.12"]
[Round "9"]
[White "Bala-Afiada"]
[Black "miraitrunks"]
[Result "1/2-1/2"]
[WhiteElo "1966"]
[BlackElo "2119"]
[TimeControl "180+1"]
[EndTime "15:38:50 PDT"]
[Termination "Game drawn by repetition"]

1. d4 Nf6 2. c4 c5 3. d5 b5 4. cxb5 a6 5. b6 Qxb6 6. Nc3 d6 7. a4 g6 8. a5 Qc7 9. e4 Bg7 10. Nf3 O-O 11. Bc4 Bg4 12. O-O Nbd7 13. Be2 Bxf3 14. Bxf3 Ne5 15. Be2 c4 16. h3 Ned7 17. Be3 Nc5 18.
Qc2 Rfc8 19. Rfc1 Nb3 20. Bb6 Qb7 21. Na4 Nxa1 22. Rxa1 Nd7 23. Rc1 Re8 24. Bxc4 Rac8 25. Be3 Ne5 26. b3 Nxc4 27. bxc4 Qb4 28. Nb6 Qxa5 29.
Nxc8 Rxc8 30. Rb1 Qa3 31. Rb7 Qa1+ 32. Rb1 Qa3 33. Rb3 Qa1+ 34. Rb1 Qa3 1/2-1/2

[Event "Late-Titled-Tuesday-Blitz-September-12-2023"]
[Site "Chess.com"]
[Date "2023.09.12"]
[Round "9"]
[White "Mikhail_Golubev"]
[Black "IMGC"]
[Result "1-0"]
[WhiteElo "2603"]
[BlackElo "2437"]
[TimeControl "180+1"]
[EndTime "15:38:52 PDT"]
[Termination "Mikhail_Golubev won by checkmate"]

1. e4 c5 2. Nf3 e6 3. d4 cxd4 4. Nxd4 Nf6 5. Nc3 d6 6. Bc4 Be7 7. Bb3 O-O 8. Be3 Na6 9. f4 Nc5 10. Qf3 a6 11. O-O Qc7 12. g4 b5 13. g5 Nfxe4 14.
Nxe4 Bb7 15. Nxe6 fxe6 16. Nxc5 Bxf3 17. Nxe6 Qc8 18. Rxf3 Kh8 19. f5 Qd7 20. Bd4 Rf7 21. g6 Rf6 22. Bd5 Rc8 23. Raf1 Rxc2 24. Ng5 Rd2 25.
Rh3 h6 26. Nf7+ Rxf7 27. Rxh6+ Kg8 28. gxf7+ Kf8 29. Rh8# 1-0

[Event "Late-Titled-Tuesday-Blitz-September-12-2023"]
[Site "Chess.com"]
[Date "2023.09.12"]
[Round "9"]
[White "arminmusovic"]
[Black "DeTimmerman"]
[Result "0-1"]
[WhiteElo "2528"]
[BlackElo "2642"]
[TimeControl "180+1"]
[EndTime "15:38:54 PDT"]
[Termination "DeTimmerman won by checkmate"]

1. e4 e5 2. Nf3 Nc6 3. Nc3 Nf6 4. a3 Be7 5. d4 exd4 6. Nxd4 O-O 7. Nxc6 bxc6 8. e5 Ne8 9. Bd3 d6 10. Qh5 g6 11.
Qe2 Ng7 12. h4 Re8 13. Bf4 dxe5 14. Bxe5 Bd6 15. f4 f6 16. O-O-O fxe5 17. fxe5 Bd7 18. Bc4+ Kh8 19. Ne4 Rxe5 20. Ng5 Be8 21. Qxe5 Bxe5 22. Rxd8 Rxd8 23. Kb1 Bf6 24. Rf1 Nf5 25. Ne6 Bf7 26. Nxd8 Bxc4 27. Re1 Bxh4 28. Nxc6 Bxe1 29. Ne5 Bd5 30. g4 Nd6 31. b3 Bc3 32. Nd3 Ne4 33. Nf4 Nd2+ 34. Kc1 Bf7 35. Ne2 Ne4 36. Nf4 Bd2+ 37. Kb2 Bxf4 38. a4 a5 39. Ka2 c5 40.
g5 Bd2 41. Kb1 Kg7 42. c4 Bb4 43. Kc2 Nxg5 44. Kd3 Be6 45. Ke3 Bf5 46. Kf4 Kf6 47. Kg3 Ne4+ 48. Kh2 Bg4 49. Kg2 Be1 50. Kh2 Bg3+ 51.
Kh1 Bf3+ 52. Kg1 Bf2+ 53. Kf1 Kf5 54. b4 Kf4 55. b5 Ke3 56. b6 Nd2# 0-1

[Event "Late-Titled-Tuesday-Blitz-September-12-2023"]
[Site "Chess.com"]
[Date "2023.09.12"]
[Round "9"]
[White "Zkid"]
[Black "Oleksandr_Bortnyk"]
[Result "1-0"]
[WhiteElo "2948"]
[BlackElo "3001"]
[TimeControl "180+1"]
[EndTime "15:38:55 PDT"]
[Termination "Zkid won on time"]

1. e4 Nf6 2. e5 Nd5 3. d4 d6 4.
Nf3 dxe5 5. Nxe5 c6 6. Be2 Bf5 7. O-O Nd7 8. Nf3 e6 9. c4 N5f6 10. Nc3 Bd6 11. Nh4 Bg6 12. Nxg6 hxg6 13. g3 O-O 14.
Bf3 e5 15. d5 Qc7 16. dxc6 bxc6 17. Qa4 Rac8 18. b4 a5 19. c5 Be7 20. a3 Rfe8 21.
Re1 e4 22. Nxe4 Nxe4 23. Bxe4 Bf6 24. Bf4 Be5 25. Bxe5 Rxe5 26. Bg2 axb4 27. axb4 g5 28. Red1 Re2 29. Rd6 Ne5 30. Qd1 Rb2 31. Qd4 Re2 32. Kf1 Qe7 33. Kxe2 Nf3+ 34. Kxf3 g4+ 35. Qxg4 Re8 36. Bf1 Qe5 37. Rad1 g5 38. Kg2 1-0

[Event "Late-Titled-Tuesday-Blitz-September-12-2023"]
[Site "Chess.com"]
[Date "2023.09.12"]
[Round "9"]
[White "Atanejhad"]
[Black "RETURNOFTHELAGGER"]
[Result "0-1"]
[WhiteElo "2444"]
[BlackElo "2606"]
[TimeControl "180+1"]
[EndTime "15:39:00 PDT"]
[Termination "RETURNOFTHELAGGER won by resignation"]

1. d4 Nf6 2. c4 g6 3. Nc3 d5 4.
cxd5 Nxd5 5. Bd2 Bg7 6. e4 Nb6 7. Be3 O-O 8. Bb5 c6 9. Be2 e5 10. Nf3 exd4 11. Bxd4 Bg4 12. Bxg7 Kxg7 13. O-O Qxd1 14.
Rfxd1 N8d7 15. h3 Bxf3 16. Bxf3 Rad8 17. Be2 Rfe8 18. b3 h5 19. Rd6 Nc5 20. Rxd8 Rxd8 21. Rd1 Rxd1+ 22. Bxd1 Nbd7 23. f4 Nf6 24. Bc2 Ne6 25.
g3 h4 26. gxh4 Nxf4 27. Kh2 a5 28. Kg3 N6h5+ 29. Kf3 Nxh3 30. e5 N3f4 31. Ne4 Ne6 32. Nd6 Nd4+ 33. Ke4 Nxc2 34. Nxb7 Ng3+ 35. Kf3 Nf5 36.
Nxa5 c5 37. Ke4 Nxh4 38. Nb7 Nb4 39. a4 Na6 40. Kd5 g5 41. Nxc5 Nxc5 42. Kxc5 g4 43. a5 g3 44. a6 g2 45. a7 g1=Q+ 46. Kc6 Qxa7 0-1

[Event "Late-Titled-Tuesday-Blitz-September-12-2023"]
[Site "Chess.com"]
[Date "2023.09.12"]
[Round "9"]
[White "oskariot"]
[Black "Zhigalko_Sergei"]
[Result "1-0"]
[WhiteElo "2710"]
[BlackElo "2863"]
[TimeControl "180+1"]
[EndTime "15:39:02 PDT"]
[Termination "oskariot won on time"]

1. e4 c5 2. Nf3 Nc6 3. b4 Nxb4 4. c3 Nc6 5. d4 d5 6. exd5 Qxd5 7. Na3 Bg4 8. Bc4 Qe4+ 9. Be2 cxd4 10. O-O Nf6 11.
Nb5 O-O-O 12. cxd4 e5 13. Re1 Bb4 14. Bd2 Bxd2 15. Qxd2 a6 16. Nc3 Qf4 17. Qb2 e4 18. Rab1 Qc7 19. Ne5 Bxe2 20. Nxe2 Rd6 21. Rec1 Re8 22.
Ng3 g6 23. h4 Ree6 24. Nc4 Rd5 25. Nb6+ Kd8 26. Nxd5 Nxd5 27. Qxb7 1-0

[Event "Late-Titled-Tuesday-Blitz-September-12-2023"]
[Site "Chess.com"]
[Date "2023.09.12"]
[Round "9"]
[White "bascheyaro"]
[Black "AndreiITrifan"]
[Result "1-0"]
[WhiteElo "2834"]
[BlackElo "2660"]
[TimeControl "180+1"]
[EndTime "15:39:06 PDT"]
[Termination "bascheyaro won by resignation"]

1. d4 Nf6 2. Nf3 e6 3. Bf4 b6 4.
e3 Bb7 5. Be2 Be7 6. O-O O-O 7.
a4 a5 8. Na3 Na6 9. h3 h6 10.
c3 d6 11. Nc4 Bd5 12. Qc2 Qc8 13. Ncd2 Qb7 14. Rfd1 Rac8 15. Qd3 Nb8 16. b4 axb4 17. cxb4 Ne4 18. a5 Nd7 19. a6 Qa8 20. b5 Rfe8 21.
Rdc1 Bf8 22. Nxe4 Bxe4 23. Qc4 Nf6 24. Ne1 e5 25. Bg3 d5 26. Qa2 exd4 27. exd4 Bd6 28. Bxd6 cxd6 29. Nd3 Rc4 30. Qb2 Rec8 31. Nb4 Kh7 32. f3 Bf5 33. Bxc4 dxc4 34. Nc6 d5 35.
Ne7 Bd7 36. Nxc8 Qxc8 37. a7 Qa8 38. Qb4 Ne8 39. Re1 Be6 40. Qe7 c3 41. Rxe6 fxe6 42.
Qxe6 c2 43. Qf5+ Kg8 44. Qxc2 Nd6 45. Qc6 1-0

[Event "Late-Titled-Tuesday-Blitz-September-12-2023"]
[Site "Chess.com"]
[Date "2023.09.12"]
[Round "9"]
[White "Hikaru"]
[Black "vi_pranav"]
[Result "1-0"]
[WhiteElo "3211"]
[BlackElo "2990"]
[TimeControl "180+1"]
[EndTime "15:39:07 PDT"]
[Termination "Hikaru won by resignation"]

1. Nf3 Nf6 2. b3 d5 3. e3 c6 4. c4 g6 5. Bb2 Bg7 6. d4 O-O 7.
Be2 Nbd7 8. Nc3 b6 9. cxd5 cxd5 10. O-O Bb7 11. b4 Ne4 12. Qb3 e6 13. Rac1 a6 14.
Rc2 Re8 15. Rfc1 Bf8 16. Ne5 Nxe5 17. dxe5 d4 18. exd4 Bh6 19. Rd1 Nxf2 20. Kxf2 Qh4+ 21. Kf1 Qxh2 22. d5 Qxe5 23. Bf3 Qh2 24. Ne4 exd5 25. Qc3 Qh1+ 26. Kf2 Qh4+ 27. Kg1 f6 28. Nxf6+ Kf7 29. Nxe8 Rxe8 30. Re2 Rxe2 31. Bxe2 Bf4 32. Qh3 1-0

[Event "Late-Titled-Tuesday-Blitz-September-12-2023"]
[Site "Chess.com"]
[Date "2023.09.12"]
[Round "9"]
[White "tptagain"]
[Black "ChristopherYoo"]
[Result "1-0"]
[WhiteElo "2964"]
[BlackElo "3011"]
[TimeControl "180+1"]
[EndTime "15:39:07 PDT"]
[Termination "tptagain won on time"]

1. Nf3 c5 2. b3 d5 3. e3 a6 4.
Bb2 Nc6 5. g3 Qc7 6. c4 dxc4 7.
bxc4 e5 8. Nc3 Bd6 9. Nd5 Qd8 10.
Bg2 Nge7 11. O-O O-O 12. Qb1 f6 13. Nh4 Kh8 14. f4 exf4 15. gxf4 Rb8 16. Qd1 b5 17. Nxe7 Nxe7 18. Kh1 Be6 19. cxb5 axb5 20. Rg1 Qd7 21.
Be4 Bd5 22. Bxd5 Nxd5 23. Qh5 Qf7 24. Qf3 Rfe8 25. Rxg7 Qxg7 26. Qxd5 Be7 27. Rg1 Rbd8 28. Qe6 Qh6 29. Nf5 Qf8 30. Rg8+ Qxg8 31. Bxf6+ 1-0

[Event "Late-Titled-Tuesday-Blitz-September-12-2023"]
[Site "Chess.com"]
[Date "2023.09.12"]
[Round "9"]
[White "BigAl"]
[Black "RIPOL"]
[Result "1-0"]
[WhiteElo "2555"]
[BlackElo "2470"]
[TimeControl "180+1"]
[EndTime "15:39:07 PDT"]
[Termination "BigAl won by resignation"]

1. Nf3 d5 2. g3 Bg4 3. Bg2 Nd7 4.
O-O c6 5. d3 e5 6. c4 dxc4 7.
dxc4 Ngf6 8. Nc3 Be7 9. Qc2 O-O 10. Rd1 Qc7 11. b3 Rfd8 12. Bb2 a5 13. Nh4 h6 14. h3 Be6 15. Nf5 Bf8 16. Rd2 Nc5 17. Rad1 Rxd2 18.
Rxd2 Rd8 19. Ne3 Rd4 20. Nb1 Rxd2 21. Nxd2 Nfd7 22. Bc3 Qb6 23. Nf3 Qc7 24. Nd2 Qb6 25. Nf3 Qc7 26. Ng4 Bxg4 27. hxg4 e4 28. Nd4 e3 29. f4 Nf6 30. Bf3 Qd7 31. Nf5 Qe6 32.
Qc1 Nce4 33. Qxe3 Nxc3 34. Qxc3 Bc5+ 35. Kg2 g6 36. Nxh6+ Kh7 37. g5 Nd5 38. cxd5 1-0

[Event "Late-Titled-Tuesday-Blitz-September-12-2023"]
[Site "Chess.com"]
[Date "2023.09.12"]
[Round "9"]
[White "AlejandroBalde"]
[Black "CURRUTACO59"]
[Result "0-1"]
[WhiteElo "2000"]
[BlackElo "2253"]
[TimeControl "180+1"]
[EndTime "15:39:09 PDT"]
[Termination "CURRUTACO59 won by resignation"]

1. e4 e5 2. Nf3 Nc6 3. Bb5 Bc5 4.
O-O Nd4 5. Bc4 d6 6. c3 Nxf3+ 7. Qxf3 Nf6 8. h3 O-O 9. d3 h6 10. Be3 Bb6 11. Bxb6 axb6 12. d4 Qe7 13. Nd2 Be6 14. dxe5 dxe5 15. a3 Rad8 16. Bxe6 Rxd2 17. Bd5 c6 18.
Ba2 Rxb2 19. Rfb1 Rxb1+ 20. Bxb1 Ra8 21. a4 Qc5 22. Qd3 g6 23. Bc2 Kg7 24. Bb3 b5 25. a5 b4 26. cxb4 Qxb4 27. f3 Rxa5 28. Rxa5 Qxa5 29.
Qd6 Qc3 30. Be6 Qd4+ 31. Qxd4 exd4 32. Bc8 b6 33. Kf2 Ng8 34. Ke2 Ne7 35. Kd3 Nxc8 0-1

[Event "Late-Titled-Tuesday-Blitz-September-12-2023"]
[Site "Chess.com"]
[Date "2023.09.12"]
[Round "9"]
[White "mishanick"]
[Black "GMKrikor"]
[Result "1-0"]
[WhiteElo "3062"]
[BlackElo "2873"]
[TimeControl "180+1"]
[EndTime "15:39:10 PDT"]
[Termination "mishanick won on time"]

1. d4 Nf6 2. c4 g6 3. Nc3 d5 4.
Bg5 Bg7 5. Bxf6 Bxf6 6. cxd5 c6 7. e4 cxd5 8. e5 Bg7 9. h4 Nc6 10. h5 O-O 11. h6 Bh8 12. Nf3 Bg4 13. Be2 Bxf3 14.
Bxf3 e6 15. O-O Qg5 16. g3 Qxh6 17. Kg2 Rac8 18. Rh1 Qg5 19. Qd3 Bg7 20. Rh4 Qe7 21. Rah1 h6 22. Qe3 g5 23. Rxh6 Bxh6 24. Rxh6 Kg7 25.
Rf6 Rg8 26. Qxg5+ Kf8 27. Qf4 a6 28. Qh6+ Ke8 29. Bh5 Nd8 30. Ne2 Qf8 31. Qd2 Rc7 32. Nf4 Qe7 33. Bxf7+ Qxf7 34. Rxf7 Rxf7 35. Nh5 Rh8 36.
Nf6+ Kf8 37. Qc1 Nc6 38. Qf4 Ke7 39. a3 Rc8 40. g4 Kd8 41. g5 Kc7 42. Qg4 Re7 43.
g6 1-0

[Event "Late-Titled-Tuesday-Blitz-September-12-2023"]
[Site "Chess.com"]
[Date "2023.09.12"]
[Round "9"]
[White "pokochajszachy"]
[Black "The_Straightforward_Rook"]
[Result "1-0"]
[WhiteElo "2401"]
[BlackElo "2518"]
[TimeControl "180+1"]
[EndTime "15:39:12 PDT"]
[Termination "pokochajszachy won by checkmate"]

1. d4 Nf6 2. c4 e6 3. Nc3 Bb4 4. e3 O-O 5. Ne2 Re8 6. a3 Bf8 7. Ng3 d5 8. Be2 a5 9. O-O Na6 10. e4 dxe4 11. Ngxe4 Nxe4 12. Nxe4 c5 13. Be3 Qc7 14. Rc1 b6 15. Ng5 h6 16. Nf3 Bb7 17.
Qc2 Rad8 18. Rfd1 cxd4 19. Nxd4 Nc5 20. Nb5 Qb8 21. Rxd8 Rxd8 22. Rd1 Be4 23. Qc1 Be7 24. f3 Bc6 25. Nd4 Bb7 26. Nb5 Bf6 27. b4 axb4 28. axb4 Na6 29. Bxb6 Rxd1+ 30. Qxd1 Bxf3 31. Ba5 Bc6 32. Qd6 Qa8 33. Bf1 Nb8 34. Nc7 Qa7+ 35. c5 Bd5 36.
Nxd5 exd5 37. Qxd5 Nd7 38. Bc4 Nxc5 39. bxc5 Qxa5 40.
Qxf7+ Kh7 41. Bd3+ Kh8 42. Qf8# 1-0

[Event "Late-Titled-Tuesday-Blitz-September-12-2023"]
[Site "Chess.com"]
[Date "2023.09.12"]
[Round "9"]
[White "Perecke"]
[Black "farzadbfd"]
[Result "1-0"]
[WhiteElo "2529"]
[BlackElo "2689"]
[TimeControl "180+1"]
[EndTime "15:39:13 PDT"]
[Termination "Perecke won by resignation"]

1. e4 e5 2. Nf3 Nc6 3. Bb5 a6 4. Ba4 Nf6 5. O-O d6 6. c3 g6 7. d4 Bd7 8. Re1 Bg7 9. d5 Nb8 10. c4 Bxa4 11. Qxa4+ Nbd7 12. Nc3 a5 13. Qc2 Nc5 14.
Be3 Nfd7 15. b3 O-O 16. a3 f5 17. b4 axb4 18. axb4 Rxa1 19. Rxa1 Na6 20. Ng5 Qe7 21. Ne6 Rc8 22. exf5 gxf5 23. Qxf5 Nxb4 24. Rb1 c5 25. Ne4 Ra8 26. Bg5 Qf7 27. Nxg7 Kxg7 28. Bh6+ Kg8 29. Qxd7 Qxd7 30. Nf6+ Kf7 31. Nxd7 Ke7 32. Nf8 Kf7 33. h4 Ra2 34. h5 Rc2 35. Nxh7 Rxc4 36. Ng5+ Kf6 37. Ne6 Nxd5 38. Nd8 b6 39. Nc6 e4 40.
Rd1 Ke6 41. Nd8+ Kd7 42. Rxd5 Kxd8 43. Rxd6+ Kc7 44. Bf4 Kb7 45. h6 Ra4 46. h7 Ra8 47. Be5 b5 48. h8=Q Rxh8 49. Bxh8 b4 50. Rd5 c4 51. Rd4 Kc6 52. Rxc4+ Kb5 53. Rc1 b3 54. Rb1 Kb4 55. Rb2 Kc4 56. g4 Kd3 57. Rxb3+ Ke2 58. Re3+ Kd2 59. Rxe4 Kd3 60. Re3+ Kc4 61. g5 Kd5 62. g6 Kc5 63. g7 Kd6 64. g8=Q 1-0

[Event "Late-Titled-Tuesday-Blitz-September-12-2023"]
[Site "Chess.com"]
[Date "2023.09.12"]
[Round "9"]
[White "ARTHURMOTIVATOR"]
[Black "kai_nov"]
[Result "1-0"]
[WhiteElo "2380"]
[BlackElo "2237"]
[TimeControl "180+1"]
[EndTime "15:39:13 PDT"]
[Termination "ARTHURMOTIVATOR won on time"]

1. e4 c5 2. b3 Nc6 3. Bb2 e5 4. Bb5 d6 5. Bxc6+ bxc6 6. Ne2 Nf6 7. d3 Bg4 8. O-O Be7 9. f3 Bh5 10. Nd2 O-O 11. Ng3 Bg6 12. f4 exf4 13. Rxf4 Nd7 14. Nh5 Ne5 15. Nc4 Bg5 16. Rf1 f6 17. Nf4 Qd7 18.
Ne3 f5 19. exf5 Bxf5 20. Nxf5 Rxf5 21. Nh5 Raf8 22. Rxf5 Qxf5 23. Qe2 Ng4 24. Nxg7 Be3+ 25. Qxe3 Nxe3 26. Nxf5 Rxf5 27. Rc1 Kf7 28. d4 cxd4 29.
Bxd4 Nd5 30. c4 Nb4 31. a3 Nd3 32. Rd1 1-0

[Event "Late-Titled-Tuesday-Blitz-September-12-2023"]
[Site "Chess.com"]
[Date "2023.09.12"]
[Round "9"]
[White "APOKALIPSA13"]
[Black "tactic"]
[Result "0-1"]
[WhiteElo "2251"]
[BlackElo "2602"]
[TimeControl "180+1"]
[EndTime "15:39:14 PDT"]
[Termination "tactic won by checkmate"]

1. e4 c5 2. Nf3 Nc6 3. Bc4 e6 4.
O-O a6 5. c3 d5 6. exd5 exd5 7.
Re1+ Be7 8. Bb3 Nf6 9. d4 O-O 10.
dxc5 Bxc5 11. Be3 Bxe3 12. Rxe3 Qb6 13. h3 Bf5 14. Nbd2 Rae8 15. Rxe8 Rxe8 16. Qf1 Ne4 17. Re1 Qc5 18. g4 Bd7 19. Nxe4 dxe4 20. Nd2 e3 21. fxe3 Be6 22. Ne4 Qe5 23. Ng5 Qxg5 24.
Qf4 Qxf4 25. exf4 Kf8 26. Kf2 Bxb3 27. Rxe8+ Kxe8 28. axb3 Na5 29. b4 Nc4 30. b3 Nd2 31. Ke3 Nxb3 32. Kd3 a5 33. bxa5 Nxa5 34. Kd4 Kd7 35.
Kc5 Kc7 36. Kb5 Nc6 37. Kc5 Ne7 38. f5 h6 39. h4 h5 40. f6 gxf6 41. gxh5 Ng8 42.
Kd5 Nh6 43. c4 Kd7 44. c5 Kc7 45. Kd4 Kc6 46. Kc4 f5 47. Kd4 f6 48. Kc4 f4 49.
Kd4 f3 50. Ke3 Kxc5 51. Kxf3 Kd5 52. Ke3 b5 53. Kd3 f5 54. Kc3 f4 55. Kd3 b4 56.
Ke2 b3 57. Kf3 b2 58. Kxf4 b1=Q 59. Kg5 Ke6 60. Kxh6 Qg1 61. Kh7 Kf7 62. Kh6 Qg7# 0-1

[Event "Late-Titled-Tuesday-Blitz-September-12-2023"]
[Site "Chess.com"]
[Date "2023.09.12"]
[Round "9"]
[White "cthulhuuu"]
[Black "ManuMunoz01"]
[Result "1-0"]
[WhiteElo "2459"]
[BlackElo "2234"]
[TimeControl "180+1"]
[EndTime "15:39:14 PDT"]
[Termination "cthulhuuu won on time"]

1. e4 d5 2. exd5 Qxd5 3. d3 Bf5 4. Nc3 Qa5 5. g3 c6 6. Bg2 e6 7.
Nf3 Bd6 8. O-O Ne7 9. Nh4 O-O 10. Bd2 Qb6 11. Nxf5 Nxf5 12. Rb1 Nd7 13. Ne4 Be5 14. c3 Nf6 15. d4 Nxe4 16. Bxe4 Bf6 17. Bxf5 exf5 18.
Qf3 Qa5 19. a3 Qb5 20. b3 Qd5 21. Qxd5 cxd5 22. Rfe1 Rac8 23. Kf1 Rc6 24. Re3 g6 25. Ke2 Rb6 26. Kd3 Rc8 27. b4 Re6 28. Rbe1 Rce8 29. b5 Rxe3+ 30. Bxe3 a6 31. bxa6 bxa6 32. Rb1 Re6 33. a4 Kg7 34. Rb7 Bd8 35. Bf4 Ba5 36.
Be5+ Kh6 37. Rxf7 Rc6 38. Bf4+ Kh5 39. Rxh7+ Kg4 40. Ke2 Re6+ 41. Be5 1-0

[Event "Late-Titled-Tuesday-Blitz-September-12-2023"]
[Site "Chess.com"]
[Date "2023.09.12"]
[Round "9"]
[White "Djager97"]
[Black "GothamChess"]
[Result "0-1"]
[WhiteElo "2546"]
[BlackElo "2728"]
[TimeControl "180+1"]
[EndTime "15:39:16 PDT"]
[Termination "GothamChess won by resignation"]

1. e4 e5 2. Nf3 Nc6 3. d4 exd4 4. Nxd4 Bc5 5. Nb3 Bb6 6. Qe2 d6 7. Nc3 a5 8. a4 Be6 9. Be3 Bxe3 10. Qxe3 Bxb3 11. cxb3 Nf6 12. O-O-O O-O 13. Bc4 Ne5 14. Be2 Re8 15. f4 Nc6 16. g4 Qe7 17. Bf3 Nb4 18.
g5 Nd7 19. h4 Nc5 20. h5 f5 21. gxf6 Qxf6 22. e5 Nxb3+ 23. Kb1 dxe5 24. Nd5 Qf5+ 25. Be4 exf4 26. Nxb4 Qxe4+ 27. Qxe4 Rxe4 28. Nd5 Rxa4 29. Nxc7 Rc8 30. Rd7 Ra1+ 31. Kc2 Rxh1 32. Kxb3 Rxh5 33. Ne6 Rh3+ 34. Ka2 Rg3 35. Nxf4 Rg4 36. Nd5 Kh8 37. Rxb7 h5 38. Rb5 Rg5 39. Rxa5 Rd8 0-1

[Event "Late-Titled-Tuesday-Blitz-September-12-2023"]
[Site "Chess.com"]
[Date "2023.09.12"]
[Round "9"]
[White "K_A_S_T_O_R"]
[Black "Ali_rastbod"]
[Result "1-0"]
[WhiteElo "2938"]
[BlackElo "2715"]
[TimeControl "180+1"]
[EndTime "15:39:17 PDT"]
[Termination "K_A_S_T_O_R won by checkmate"]

1. e4 c6 2. Nf3 d5 3. d3 a5 4.
Qe2 a4 5. a3 g6 6. g3 Bg7 7. Nbd2 Nh6 8. Bg2 O-O 9. O-O e5 10.
Re1 Re8 11. b4 axb3 12. Nxb3 f6 13. Bb2 Nf7 14. a4 Na6 15. c3 Be6 16. Qc2 Nd6 17.
Nfd2 f5 18. Ba3 Nf7 19. exf5 Bxf5 20. Nf1 e4 21. dxe4 dxe4 22. Bxe4 Rxe4 23. Rxe4 Ng5 24. Nbd2 Nxe4 25. Nxe4 Qd5 26. f3 Bxe4 27. fxe4 Qc4 28. Rc1 Re8 29. Nd2 Qe2 30. Qd1 Qe3+ 31. Kg2 Kh8 32. Qe1 Qd3 33. Nf3 Rxe4 34. Qf1 Re2+ 35. Kh3 Qd7+ 36. g4 Re3 37. Kg3 Nc7 38. Re1 Rxc3 39.
Bb2 Rxf3+ 40. Qxf3 Bxb2 41. Qf8# 1-0

[Event "Late-Titled-Tuesday-Blitz-September-12-2023"]
[Site "Chess.com"]
[Date "2023.09.12"]
[Round "9"]
[White "becemix"]
[Black "GarayevKanan"]
[Result "0-1"]
[WhiteElo "2542"]
[BlackElo "2725"]
[TimeControl "180+1"]
[EndTime "15:39:17 PDT"]
[Termination "GarayevKanan won on time"]

1. e4 c5 2. Nf3 Nf6 3. Nc3 d5 4.
Bb5+ Bd7 5. Bxd7+ Qxd7 6. d3 Nc6 7. O-O e6 8. Re1 dxe4 9. Nxe4 Nd5 10. a3 Be7 11. Bg5 O-O 12. Qd2 b6 13. Rad1 f6 14. Bh4 g5 15. Bg3 g4 16. Nh4 f5 17.
Ng5 f4 18. Nxe6 fxg3 19. Nxf8 gxh2+ 20. Kh1 Rxf8 21. Qh6 Nd4 22. Ng6 Rxf2 23. Nxe7+ Nxe7 24. Rf1 Rxf1+ 25. Rxf1 Ng6 26. Qxh2 Nxc2 27. Qg3 Nd4 28. Rf6 Kg7 29. Rf2 Qe7 30. Kh2 h5 31. Qb8 Qh4+ 32.
Kg1 g3 33. Qc7+ Kh6 0-1